 Dungeon Crawl Stone Soup version 0.29.1-12-g30fa7ad0bf (webtiles) character file.

Game seed: 2684666537789124533

382 wormed the Trooper (level 7, -6/53 HPs)
             Began as a Djinni Fire Elementalist on Dec 22, 2022.
             Mangled by a two-headed ogre
             ... wielding a +0 giant spiked club
              (15 damage)
             ... on level 6 of the Dungeon.
             The game lasted 00:07:51 (3301 turns).

wormed the Trooper (Djinni Fire Elementalist)       Turns: 3301, Time: 00:07:51

Health: -6/53      AC:  2    Str:  7    XL:     7   Next: 5%
Gold:   100        EV: 12    Int: 24    God:
                   SH:  0    Dex: 14

rFire   + + .      SeeInvis .   (no weapon)
rCold   x . .      Faith    .   (no shield)
rNeg    . . .      Spirit   .   a - +0 robe
rPois   ∞          Reflect  .   (no helmet)
rElec   .          Harm     +   l - scarf {harm}
rCorr   .          Rampage  .   (no gloves)
Will    .....                   (boots unavailable)
Stlth   ++........              (no amulet)
HPRegen 0.17/turn               f - +6 ring of intelligence
MPRegen 0.00/turn               (no ring)

@: flying
A: sickness immunity, fire resistance 2, cold vulnerability 1, float, innate
caster, HP casting, extra vitality 1
a: no special abilities


You were on level 6 of the Dungeon.
You visited 2 branches of the dungeon, and saw 5 of its levels.

You collected 100 gold pieces.

Inventory:

Armour
 a - a +0 robe (worn)
 l - a scarf of harm (worn)
Jewellery
 f - a +6 ring of intelligence (left hand)
Wands
 p - a wand of digging (5)
Scrolls
 c - 2 scrolls of enchant armour {unknown}
 d - a scroll of magic mapping {unknown}
 g - a scroll of butterflies {unknown}
 h - 2 scrolls of amnesia {unknown}
 i - a scroll of vulnerability {unknown}
 j - a scroll of summoning {unknown}
 k - 2 scrolls of poison {unknown}
Potions
 b - 3 potions of curing {unknown}
 e - a potion of resistance {unknown}
 m - 2 potions of haste {unknown}
 n - a potion of lignification {unknown}
 o - a potion of flight {unknown}
 q - a potion of heal wounds {unknown}


   Skills:
 + Level 4.5 Fighting
 - Level 2.1 Dodging
 - Level 1.5 Stealth
 + Level 4.3 Spellcasting


You couldn't memorise any spells.
You knew the following spells:

 Your Spells              Type           Power      Damage    Failure   Level
a - Foxfire               Conj/Fire      100%       2x1d9     1%          1
b - Scorch                Fire           52%        2d8       2%          2
c - Conjure Flame         Conj/Fire      26%        6-21      4%          3
d - Inner Flame           Hex/Fire       26%        N/A       4%          3
e - Flame Wave            Conj/Fire      26%        2d8       16%         4
f - Freeze                Ice            100%       1d11      1%          1
g - Passwall              Tmut/Erth      21%        N/A       2%          2
h - Ignite Poison         Fire/Tmut/Pois 26%        N/A       4%          3
Your spell library was empty.

Dungeon Overview and Level Annotations

Branches:
Dungeon (6/15)             Temple (1/1) D:6

Altars:
Dithmenos
Elyvilon
Fedhas
Hepliaklqana
Makhleb
Nemelex Xobeh
Okawaru
Qazlal
Ru
Wu Jian
Xom
Yredelemnul


Innate Abilities, Weirdness & Mutations

You are immune to sickness and miasma.
You are immune to poison.
Your flesh is very heat resistant. (rF++)
You are vulnerable to cold. (rC-)
You float through the air rather than walking.
You learn spells naturally, not from books.
Your magical power is your life essence.
You have superior vitality. (+4 MHP)


Message History

The ufetubus barely misses you. The ufetubus closely misses you.
The ufetubus attacks as you move away! The ufetubus hits you.
The ufetubus completely misses you.
The ufetubus hits you but does no damage.
The ufetubus completely misses you. The ufetubus attacks as you move away!
The ufetubus hits you. The ufetubus barely misses you.
The ufetubus attacks as you move away! The ufetubus barely misses you.
The ufetubus misses you. The ufetubus closely misses you.
The ufetubus hits you. The ufetubus barely misses you. The ufetubus hits you.
The ufetubus closely misses you. The ufetubus barely misses you.
The ufetubus attacks as you move away! The ufetubus hits you.
The ufetubus closely misses you. The ufetubus misses you.
The ufetubus barely misses you.
There is a staircase to the Ecumenical Temple here.
The ufetubus closely misses you. The ufetubus barely misses you.
You fly downwards.
Welcome back to the Ecumenical Temple!
There is a staircase back to the Dungeon here.
Casting: Scorch (safe; 2% risk of failure)
Press: ? - help, Q - select action, (/) - cycle Dir - look around, f - activate Flames lash the ufetubus.
The ufetubus is burned terribly!
You kill the ufetubus!
Unknown command.
You start resting.
HP restored.
There is a staircase back to the Dungeon here.
You fly upwards.
Welcome back to the Dungeon!
The two-headed ogre hits you with a +0 giant spiked club!
The two-headed ogre barely misses you.
There is a staircase to the Ecumenical Temple here.
The two-headed ogre attacks as you move away!
The two-headed ogre closely misses you.
The two-headed ogre hits you with a +0 giant club!!
Ouch! That really hurt!
* * * LOW HITPOINT WARNING * * *
The two-headed ogre attacks as you move away!
The two-headed ogre misses you.
The two-headed ogre hits you with a +0 giant club!
You die...

#.........O.............+
###############.........+####..
##..#...#..........
##..##...##.........
#..##.....##.......
#.##†.#.#..##.....
##....##.##.....#
#....##...##....#+####
#....@O.>.............
#....##...##..........
#.....##.##......[....
#..##..#.#..##....###' .....
#.....##.....# #. ......
#...##......# ## #..
#...#...##### # #.. ........ #
... #


You could see a two-headed ogre.

Vanquished Creatures
  A water moccasin (D:6)
  2 bullfrogs
  A jelly (D:6)
  A hound (D:6)
  2 adders (D:2)
  2 gnolls (D:1)
  An ufetubus (Temple)
  A worm (D:2)
  A dart slug (D:1)
  5 endoplasms
  4 giant cockroaches
  4 goblins
  2 hobgoblins
  A quokka (D:1)
  7 ball pythons
  3 bats
  2 frilled lizards (D:1)
  5 kobolds
  A rat (D:1)
46 creatures vanquished.

Vanquished Creatures (others)
  12 foxfires (D:1)
12 creatures vanquished.

Grand Total: 58 creatures vanquished

Notes
Turn   | Place    | Note
-------+----------+-------------------------------------------
     0 | D:1      | wormed the Djinni Fire Elementalist began the quest for the
                  | Orb.
     0 | D:1      | wormed set off with the following spells memorised:
                  | Foxfire, Scorch, Conjure Flame, Inner Flame, Flame Wave.
     0 | D:1      | Reached XP level 1. HP: 15/15 MP: 0/0
   501 | D:1      | Found a faded altar of an unknown god.
   520 | D:1      | Reached XP level 2. HP: 20/22 MP: 0/0
   583 | D:1      | Reached skill level 1 in Fighting
   875 | D:1      | Reached XP level 3. HP: 22/27 MP: 0/0
   875 | D:1      | Learned a level 1 spell: Freeze
  1608 | D:2      | Reached XP level 4. HP: 28/33 MP: 0/0
  2589 | D:3      | You are sucked into a shaft and drop 3 floors!
  2593 | D:6      | Noticed a bullfrog
  2599 | D:6      | Killed a bullfrog
  2600 | D:6      | Reached XP level 5. HP: 26/40 MP: 0/0
  2600 | D:6      | Learned a level 2 spell: Passwall
  2615 | D:6      | Found a staircase to the Ecumenical Temple.
  2624 | Temple   | Entered the Ecumenical Temple
  2806 | D:6      | Noticed a bullfrog
  2807 | D:6      | Noticed a water moccasin
  2813 | Temple   | Killed a bullfrog
  2814 | Temple   | Reached XP level 6. HP: 39/47 MP: 0/0
  2872 | D:6      | Killed a water moccasin
  3064 | D:6      | Noticed a two-headed ogre
  3066 | D:6      | Noticed an ogre
  3068 | D:6      | Reached XP level 7. HP: 45/53 MP: 0/0
  3068 | D:6      | Learned a level 3 spell: Ignite Poison
  3301 | D:6      | Mangled by a two-headed ogre

Illustrated notes

Levels and vault maps discovered:
D:1:      amcnicky_arrival_choice, layout_basic,
          dreamdust_ecumenical_altar_sealed_demon
D:2:      layout_loops_cross, serial_bayou_pond_e
D:3:      layout_rooms, nicolae_tso_carved_into_rock, chei_slow_surprise,
          gammafunk_ghost_necromancy, nrook_mini_vaults
D:6:      layout_basic, minmay_temple_entry_waves
Temple:   nicolae_temple_two_arcs

Skill      XL: |  1  2  3  4  5  6 |
---------------+-------------------+-----
Fighting       | 1 2 3 4 |  4.5
Spellcasting   | 3 4 |  4.3
Dodging        | |  2.1
Stealth        | |  1.5

Action                   |  1- 3 |  4- 6 |  7- 9 || total
-------------------------+-------+-------+-------++-------
Melee: Unarmed           |     6 |       |       ||     6
 Cast: Foxfire           |     8 |       |       ||     8
       Scorch            |    24 |    35 |     1 ||    60
Armor: Robe              |     3 |       |     1 ||     4
Dodge: Dodged            |    23 |    18 |    24 ||    65
